Cogmind - Beta 13 @@@ ROGUE MODE // 2024.04.27 @ 01:49:07 Player: Meraxes Result: Destroyed by S-10 Pest with Light Assault Rifle Performance ------------- Evolutions (1) 500 Regions Visited (3) 600 Robots Destroyed (8) 40 Value Destroyed (135) 135 Prototype IDs (0) 0 Alien Tech Used (0) 0 Bonus (0) 0 TOTAL SCORE: 1275 Bonus ------- None Cogmind --------- Core Integrity 0/400 Matter 172/300 Energy 100/100 System Corruption 2% Temperature Cool (6) Movement Core (450) Ox8 Location -9/Materials Parts ------- > --- POWER (1) -------- (None) > --- PROPULSION (3) --- (None) > --- UTILITY (2) ------ Small Storage Unit Large Storage Unit > --- WEAPON (3) ------- (None) > --- INVENTORY (15) --- (None) Peak State ------------ > --- POWER ------------ Light Ion Engine > --- PROPULSION ------- Flight Unit Flight Unit > --- UTILITY ---------- Small Storage Unit Large Storage Unit > --- WEAPON ----------- Small Laser Light Assault Rifle Bore Cannon > --- INVENTORY -------- Light Assault Rifle [Rating: 12] Favorites ----------- Power Light Ion Engine Engine Light Ion Engine Propulsion Flight Unit Wheel Wheel Flight Unit Flight Unit Utility Large Storage Unit Device Sensor Array Storage Large Storage Unit Weapon Light Assault Rifle Energy Gun Small Laser Ballistic Gun Light Assault Rifle Ballistic Cannon Bore Cannon Build | -11 -10 -10 -9 ------- Run | Yrd Mat Min Mat Slots Evolved 2 | . . . 2 Power . | . . . . Propulsion 1 | . . . 1 Utility . | . . . . Weapon 1 | . . . 1 Parts Attached 19 | 6 3 7 3 Power 2 | 1 . 1 . Engine 2 | 1 . 1 . Core . | . . . . Reactor . | . . . . Propulsion 6 | 2 . 4 . Treads . | . . . . Leg . | . . . . Wheel 2 | 2 . . . Hover . | . . . . Flight 4 | . . 4 . Utility 4 | 1 2 . 1 Device 1 | . 1 . . Storage 3 | 1 1 . 1 Processor . | . . . . Hackware . | . . . . Protection . | . . . . Artifact . | . . . . Weapon 7 | 2 1 2 2 Energy Gun 3 | 2 . . 1 Energy Cannon . | . . . . Ballistic Gun 3 | . 1 1 1 Ballistic Cannon 1 | . . 1 . Launcher . | . . . . Special Weapon . | . . . . Impact Weapon . | . . . . Slashing Weapon . | . . . . Piercing Weapon . | . . . . Special Melee Weapon . | . . . . Unidentified Prototypes . | . . . . Corrupted Parts 1 | . . . 1 System Corruption 2 | . . . 2 Parts Lost 13 | . 5 1 7 Power 2 | . 1 . 1 Propulsion 4 | . 2 . 2 Utility 1 | . . 1 . Weapon 6 | . 2 . 4 Highest Loss Streak 7 | . 4 1 7 To Critical Strikes . | . . . . Average Slot Usage (%) 72 | . 89 65 77 Engine 9 | . 11 8 9 Wheel 3 | . 21 . . Flight 6 | . . 1 21 Device 9 | . 12 12 . Storage 15 | . 14 14 18 Energy Gun 6 | . 21 1 6 Ballistic Gun 11 | . 5 14 10 Ballistic Cannon 9 | . . 12 10 Naked Turns . | . . . . Heaviest Build 39 | 11 27 34 39 Greatest Support 20 | 20 20 8 8 Greatest Overweight (x) 11 | . 8 11 8 Average Overweight (x) 4 | . 1 9 4 Largest Inventory Capacity 15 | 8 15 15 15 Average Capacity 14 | 7 14 15 15 Most Carried 5 | 2 5 5 3 Average Carried 2 | . 3 3 1 Final Capacity 15 | 8 15 15 15 Final Carried 4 | 2 4 3 . Class Distribution -------------------- 83% | Mutant 16% | Gunner Dominant Class ---------------- Mutant | -10/Materials Mutant | -10/Mines Gunner | -9/Materials Resources | -11 -10 -10 -9 ----------- Run | Yrd Mat Min Mat Matter Collected 293 | 180 73 39 1 Remotely . | . . . . Salvage Created 154 | . 73 34 47 Parts 16 | . 8 6 2 Haulers Intercepted . | . . . . Recyclers Shooed . | . . . . Parts Field Recycled . | . . . . Retrieved Matter . | . . . . Parts Self-Destructed . | . . . . Prevented . | . . . . Kills | -11 -10 -10 -9 ------- Run | Yrd Mat Min Mat Combat Hostiles Destroyed 8 | . 4 3 1 Guns 5 | . 4 1 . Cannons 3 | . . 2 1 Classes Destroyed 2 | . 1 . 1 Swarmer 7 | . 4 3 . Sentry 1 | . . . 1 Best Kill Streak 3 | . 3 3 1 Combat Bots Only 3 | . 3 3 1 Max Kills in Single Turn 1 | . 1 1 1 Gunslinging . | . . . . Exploded . | . . . . Melee . | . . . . Uniques/NPCs Destroyed . | . . . . Combat | -11 -10 -10 -9 -------- Run | Yrd Mat Min Mat Hostile Shots Fired 245 | . 100 39 106 Missed 84 | . 44 13 27 Damage Taken 1609 | . 593 208 808 Core 627 | . 131 90 406 Absorbed by Shields . | . . . . Core Remaining (%) 55 | 100 . 11 . Volleys Fired 26 | . 14 7 5 Largest 3 | . 2 2 3 Hottest 117 | . 80 77 117 Shots Fired 55 | . 28 14 13 Gun 44 | . 28 7 9 Cannon 11 | . . 7 4 Launcher . | . . . . Special . | . . . . Kinetic 28 | . 5 14 9 Thermal 18 | . 14 . 4 Explosive . | . . . . Electromagnetic 9 | . 9 . . Robot Hit Streak 4 | . 4 4 2 Robot Miss Streak 6 | . 4 6 3 Penetration Max . | . . . . Secondary Targets 1 | . 1 . . Max Gunslinging Chain 1 | . 1 . . Shots Hit Robots 20 | . 12 4 4 Core Hits 14 | . 5 3 6 Critical Kills 3 | . . 2 1 Critical Parts Destroyed . | . . . . Critical Strikes 3 | . . 2 1 Destroy 3 | . . 2 1 Melee Attacks . | . . . . Impact . | . . . . Slashing . | . . . . Piercing . | . . . . Sneak Attacks . | . . . . Combat Hostiles . | . . . . Follow-up Attacks . | . . . . Damage Inflicted 330 | . 132 59 139 Guns 189 | . 132 17 40 Cannons 87 | . . 42 45 Explosions 50 | . . . 50 Melee . | . . . . Ramming 4 | . . . 4 Kinetic 149 | . 27 59 63 Thermal 84 | . 62 . 22 Explosive . | . . . . Electromagnetic 93 | . 43 . 50 Impact . | . . . . Slashing . | . . . . Piercing . | . . . . Highest Corruption 2 | . . . 2 Average Corruption 2 | . . . 2 Corruption Purged . | . . . . Corruption Blocked . | . . . . Overload Shots . | . . . . Overflow Damage 12 | . . . 12 Projectiles 12 | . . . 12 Explosions . | . . . . Melee . | . . . . Knockbacks 1 | . . . 1 Impact . | . . . . Kinetic 1 | . . . 1 Secondary . | . . . . Self-Inflicted Damage 2 | . . . 2 Shots . | . . . . Rammed 2 | . . . 2 Targets Rammed 2 | . . . 2 Kicked . | . . . . Crushed . | . . . . Highest Temperature 153 | . 54 120 153 Average Temperature 44 | . 26 52 74 Received Heat Transfer 345 | . 246 . 99 Siege Activations . | . . . . Robots Corrupted . | . . . . Combat Hostiles . | . . . . Parts Fried . | . . . . Impact Corruptions . | . . . . Robots Melted . | . . . . Combat Hostiles . | . . . . Parts Melted . | . . . . Heat Transferred 200 | . 150 . 50 Parts Sabotaged . | . . . . Parts Stolen . | . . . . Parts Stripped . | . . . . Power Chain Reactions . | . . . . Alert | -11 -10 -10 -9 ------- Run | Yrd Mat Min Mat Peak Influence 125 | . 125 74 35 Initial 39 | . . 39 . Average 26 | . 74 21 8 Maximum Alert Level . | . . . . Low Security (%) 100 | 100 100 100 100 Level 1 . | . . . . Level 2 . | . . . . Level 3 . | . . . . Level 4 . | . . . . Level 5 . | . . . . High Security . | . . . . Max Security . | . . . . Squads Dispatched . | . . . . Investigation . | . . . . Extermination . | . . . . Reinforcement . | . . . . Assault . | . . . . Garrison . | . . . . Intercept . | . . . . Searches Triggered . | . . . . Construction Impeded . | . . . . Haulers Reinforced . | . . . . Active Scanning Responses . | . . . . Cargo Convoy Interrupts . | . . . . Stealth | -11 -10 -10 -9 --------- Run | Yrd Mat Min Mat Distress Signals 5 | . 1 . 4 Communications Jammed . | . . . . Distress Signals . | . . . . Times Spotted 27 | . 11 3 13 Peak Tracking Total 10 | . 5 3 10 Tactical Retreats 3 | . 1 . 2 Traps | -11 -10 -10 -9 ------- Run | Yrd Mat Min Mat Traps Triggered . | . . . . Indirectly . | . . . . Trap Hack Attempts . | . . . . Triggered . | . . . . Disarmed . | . . . . Reprogrammed . | . . . . Reused . | . . . . Traps Extracted . | . . . . Installed . | . . . . Triggered . | . . . . Machines | -11 -10 -10 -9 ---------- Run | Yrd Mat Min Mat Machines Disabled 2 | . . . 2 Max in Single Turn 2 | . . . 2 Machines Repaired . | . . . . Machines Dismantled . | . . . . Machines Sabotaged . | . . . . Overloaded Fab Kills . | . . . . Hacking | -11 -10 -10 -9 --------- Run | Yrd Mat Min Mat Machines Accessed . | . . . . Terminals . | . . . . Fabricators . | . . . . Repair Stations . | . . . . Recycling Units . | . . . . Scanalyzers . | . . . . Garrison Access . | . . . . Total Hacks . | . . . . Successful . | . . . . Failed . | . . . . Catastrophic . | . . . . Database Lockouts . | . . . . Manual . | . . . . Terminals . | . . . . Fabricators . | . . . . Repair Stations . | . . . . Recycling Units . | . . . . Scanalyzers . | . . . . Garrison Access . | . . . . Terminal Hacks . | . . . . Fabricator Hacks . | . . . . Repair Station Hacks . | . . . . Recycling Unit Hacks . | . . . . Scanalyzer . | . . . . Garrison Access Hacks . | . . . . Unauthorized Hacks . | . . . . Terminals . | . . . . Fabricators . | . . . . Repair Stations . | . . . . Recycling Units . | . . . . Scanalyzers . | . . . . Garrison Access . | . . . . Data Cores Recovered . | . . . . Used . | . . . . Hacking Detections . | . . . . Full Trace Events . | . . . . Feedback Events . | . . . . Feedback Blocked . | . . . . Robot Schematics Acquired . | . . . . Robots Built . | . . . . Authchips . | . . . . Time . | . . . . Total Robot Build Rating . | . . . . Part Schematics Acquired . | . . . . Parts Built . | . . . . Authchips . | . . . . Time . | . . . . Total Part Build Rating . | . . . . Parts Repaired . | . . . . Time . | . . . . Parts Recycled . | . . . . Recycled Matter . | . . . . Retrieved Matter . | . . . . Retrieved Components . | . . . . Parts Scanalyzed . | . . . . Part Schematics Acquired . | . . . . Parts Damaged . | . . . . Bothacking | -11 -10 -10 -9 ------------ Run | Yrd Mat Min Mat Used RIF Installer . | . . . . Robots Hacked . | . . . . Non-combat . | . . . . Combat . | . . . . Robot Hacks Applied . | . . . . Relay Couplers Released . | . . . . Fabnet Peak Effective % . | . . . . Robots Rewired . | . . . . Allies Hacked . | . . . . Hacks Repelled . | . . . . Allies | -11 -10 -10 -9 -------- Run | Yrd Mat Min Mat Total Allies . | . . . . Largest Group . | . . . . Highest-Rated Group . | . . . . Highest-Rated Ally . | . . . . Total Orders . | . . . . Ally Attacks . | . . . . Total Damage . | . . . . Kills . | . . . . Allies Corrupted . | . . . . Allies Melted . | . . . . Intel | -11 -10 -10 -9 ------- Run | Yrd Mat Min Mat Robot Analysis Total . | . . . . Derelict Logs Recovered 1 | . . 1 . Drone Launches . | . . . . Drone Recoveries . | . . . . Exploration | -11 -10 -10 -9 ------------- Run | Yrd Mat Min Mat Turns Passed 1575 | 38 264 841 432 Spaces Moved 492 | 36 192 151 113 Core 155 | 4 10 139 2 Treads . | . . . . Legs . | . . . . Wheels 214 | 32 182 . . Hover . | . . . . Flight 123 | . . 12 111 Fastest Speed 50 | 50 80 357 357 Average Speed 295 | 76 111 533 360 Slowest Speed 680 | 80 450 680 520 Overloaded Moves . | . . . . Propulsion Burnouts . | . . . . Robots Hopped . | . . . . Cave-ins Triggered . | . . . . Exploration Rate (%) 22 | 4 32 46 9 Regions Visited 3 Branch Regions 1 Pre-discovered Areas . | . . . . Known Exits Taken . | . . . . Unknown Exits Taken 3 | 1 1 1 . Scrap Searched . | . . . . Spaces Dug . | . . . . Terrain Destroyed 9 | . . 8 1 Melee . | . . . . Projectile 9 | . . 8 1 AOE . | . . . . Terrain Rammed . | . . . . Walls Destroyed . | . . . . Machines Disabled . | . . . . Actions | -11 -10 -10 -9 --------- Run | Yrd Mat Min Mat Total 557 | 43 215 176 123 Wait 11 | . 4 7 . Move 489 | 35 191 150 113 Hop . | . . . . Pick Up 5 | 2 2 1 . Fast Attach 11 | 6 2 3 . Attach 8 | . 1 4 3 Detach 4 | . 1 3 . Swap . | . . . . Drop 1 | . . 1 . Fire 26 | . 14 7 5 Melee . | . . . . Ram 2 | . . . 2 Kick . | . . . . Crush . | . . . . Escape Stasis . | . . . . Rewire . | . . . . Trap . | . . . . Miscellaneous . | . . . . Route ------- -11/Scrapyard -10/Materials -10/Mines -9/Materials History --------- Turn | Location | Event 9 | -11/Scrapyard | Discovered new exit (range 15) 39 | -11/Scrapyard | Entered Materials 283 | -10/Materials | Discovered new exit (range 6) 303 | -10/Materials | Core integrity fell below 50% 303 | -10/Materials | Entered Mines 307 | -10/Mines | Lost 4 parts (1p2n1w) 324 | -10/Mines | Build established: Mutant 408 | -10/Mines | A weapon hastily lodged in a ceiling crevice suddenly fell to the ground 669 | -10/Mines | Learned 2 Materials zone layouts 1031 | -10/Mines | Discovered new exit (range 8) 1068 | -10/Mines | Core integrity fell below 20% 1144 | -10/Mines | Entered Materials 1144 | -9/Materials | Evolved 2 slots: Propulsion x1, Weapon x1 1569 | -9/Materials | Core integrity fell below 50% 1574 | -9/Materials | Core integrity fell below 20% 1576 | -9/Materials | Destroyed by S-10 Pest with Light Assault Rifle Last Messages --------------- 01545_ U-05 Engineer lays Concrete. 01546_ HV Slug penetrates Y-45 Defender. 01546_ Y-45 Defender suffers critical hit (Destroy). 01546_ Y-45 Defender destroyed. 01546_ HV Slug penetrates Wall. 01547_ K-01 Serf cleans the Terminal. 01550_ Sml. Laser destroyed. 01550_ R-06 Scavenger collects Hvy. Assault Rifle. 01551_ K-01 Serf cleans the Terminal. 01554_ Bore Cannon destroyed. 01555_ R-06 Scavenger collects Heat Sink. 01556_ Flight Unit destroyed. 01556_ Acquired 1 matter. 01557_ K-01 Serf collects debris. 01563_ Flight Unit destroyed. 01566_ Lgt. Assault Rifle destroyed. 01567_ Slammed into L-31 Rogue. 01570_ K-01 Serf collects debris. Map ----- +----------------------------------------------------+ | ????# #??????????????????????????????????? | | ????# ] #??????????????????????????????????? | | ##### #??????????????????????????????????? | | # # """ """ #??????????????????????????????????? | | # # """ """ #??????????????????????????????????? | | # # """ """ #??????????????????????????????????? | | + + #??????????????????????????????????? | | # ###########??????????????????????????????????? | | # # #??????????????????????????????????? | | # # #??????????????????????????????????? | | # # #??????????????????????????????????? | | # # #??????????????????????????????????? | | # # #??????????????????????????????????? | | # + #??????????????????????????????????? | | # # #??????????????????????????????????? | | # # #??????????????????????????????????? | | # ######+####??????????????????????????????????? | | ##### #########?????????????????????????????? | | #?????????????????????????????? | | #?????????????????????????????? | | #?????????????????????????????? | | ########### #?????????????????????????????? | | ######?????????# #?????????????????????????????? | | ???????????????# #?????????????????????????????? | | ???????????##### ############## #????????????? | | ???? % l@ #????????????? | | ????? T s s g #????????????? | | ???? s uu % % g #????????????? | | ???? ########k########;###### #????????????? | | ?????##????????? ???????##????????#????????????? | | ??????????????? ??????????????????????????????? | | ?????????????? ??????????????????????????????? | | ????????????? "??????????????????????????????? | | ???????????? "??????????????????????????????? | | ???????????? "??????????????????????????????? | | ???????????# ???????????????????????????????? | | ???????????# ????????????????????????????????? | | ???????????######????????????????????????????????? | | ?????????????????????????????????????????????????? | | ?????????????????????????????????????????????????? | | ?????????????????????????????????????????????????? | | ?????????????????????????????????????????????????? | | ?????????????????????????????????????????????????? | | ?????????????????????????????????????????????????? | | ?????????????????????????????????????????????????? | | ?????????????????????????????????????????????????? | | ?????????????????????????????????????????????????? | | ????? T #?????# """""""???????????????????? | | ????? #?????# """""""???????????????????? | | ?????##+## #?????# """""""???????????????????? | +----------------------------------------------------+ Best States ------------- Heat Dissipation 28 Energy Generation 10 Energy Capacity 125 Matter Stores 278 Matter Capacity 300 Sight Range 16 Robot Scan Range 14 Terrain Scan Density 10 Evasion (%) 44 Item Schematics ----------------- None Robot Schematics ------------------ None Fabricated ------------ Nothing Alien Tech Used ----------------- None Achievements -------------- None Challenges ------------ None Game ------ Seed DeepSpikedProcessor Manual? 0 Play Time 00:25:38 Cumulative 5.8 hours Start 2024.04.27 @ 01:16:06 End 2024.04.27 @ 01:49:07 Sessions 1 Manual Loads 0 Difficulty Rogue Special Mode None Game No. 9 Rogue 9 Adventurer 0 Explorer 0 Win Type - Total 0 Types 0/0/0/0/0/0/0/0/0 Lore% 2 Gallery% 6 Achievement% 7 Wizard Run 0 Options --------- Layout 1 ASCII 0 Keyboard 0 Movement Vi Keybinds 0 Fullscreen 1 Font 24/Smallcaps Map View 50x35 Zoom Use 0% Tactical HUD 1 Map Filters NONE Filters NONE Steam 1 RUN: 90eb634c-bebe-4d6e-974b-5666883d26d2